 Dungeon Crawl Stone Soup version 0.28-a0-317-g21599a725c (webtiles) character file.

Game seed: 12495983956058611348

65 McIrco the Cutter (level 4, -2/43 HPs)
             Began as a Kobold Berserker on Sept 1, 2021.
             Was a Believer of Trog.
             Succumbed to Crazy Yiuf's poison
             ... on level 2 of the Dungeon.
             The game lasted 00:02:56 (2401 turns).

McIrco the Cutter (Kobold Berserker)                Turns: 2401, Time: 00:02:57

Health: -2/43      AC:  4    Str: 15    XL:     4   Next: 35%
Magic:  4/4        EV: 15    Int:  8    God:    Trog [**....]
Gold:   125        SH:  0    Dex: 14    Spells: 3/3 levels left

rFire   . . .      SeeInvis .   a - +0 short sword
rCold   . . .      Faith    .   (shield restricted)
rNeg    . . .      Spirit   .   b - +0 animal skin
rPois   .          Reflect  .   e - +0 helmet
rElec   .          Harm     .   (no cloak)
rCorr   .          Rampage  .   i - +0 pair of gloves
Will    .....                   (no boots)
Stlth   ..........              (no amulet)
HPRegen 0.14/turn               (no ring)
MPRegen 0.09/turn               (no ring)

@: berserking, lethally poisoned (-2 -> -24), very quick
A: small, no large weapons, nightstalker 3
a: Renounce Religion, Berserk, Trog's Hand


You were on level 2 of the Dungeon.
You worshipped Trog.
Trog was pleased with you.
You visited 1 branch of the dungeon, and saw 2 of its levels.

You collected 125 gold pieces.

Inventory:

Hand Weapons
 a - a +0 short sword (weapon)
Armour
 b - a +0 animal skin (worn)
 e - a +0 helmet (worn)
 i - a +0 pair of gloves (worn)
Scrolls
 c - 2 scrolls of enchant armour {unknown}
 g - a scroll of acquirement {unknown}
 h - a scroll of holy word {unknown}
 j - a scroll of teleportation {unknown}
Potions
 d - 2 potions of lignification {unknown}
 f - a potion of might {unknown}


   Skills:
 + Level 3.8 Fighting
 + Level 5.1 Short Blades
 + Level 1.6 Armour
 + Level 2.7 Dodging
 + Level 2.5 Stealth


You had 3 spell levels left.
You didn't know any spells.
Your spell library was empty.

Dungeon Overview and Level Annotations

Branches:
Dungeon (2/15)

Altars:


Innate Abilities, Weirdness & Mutations

You are small and have problems with some larger weapons.
You are completely attuned to the shadows.


Message History

Crazy Yiuf hits you with a +4 quarterstaff of chaos.
You are poisoned.
You hit Crazy Yiuf.
Crazy Yiuf is moderately wounded.
You feel sick.
You closely miss Crazy Yiuf.
Crazy Yiuf is moderately wounded.
You feel sick.
Crazy Yiuf waves his quarterstaff at you.
Crazy Yiuf hits you with a +4 quarterstaff of chaos.
You barely miss Crazy Yiuf.
Crazy Yiuf is moderately wounded.
You feel sick. Crazy Yiuf completely misses you.
You hit Crazy Yiuf.
Crazy Yiuf is moderately wounded.
You feel sick.
You hit Crazy Yiuf.
Crazy Yiuf is heavily wounded.
You feel sick. Crazy Yiuf barely misses you.
You barely miss Crazy Yiuf.
Crazy Yiuf is heavily wounded.
You feel sick.
You hit Crazy Yiuf but do no damage.
Crazy Yiuf is heavily wounded.
You feel sick.
Crazy Yiuf grits, "Pitchfork!"
Crazy Yiuf hits you with a +4 quarterstaff of chaos!
You are lethally poisoned!
You hit Crazy Yiuf.
Crazy Yiuf is heavily wounded.
You feel sick.
You puncture Crazy Yiuf!
Crazy Yiuf is almost dead.
You feel very sick.
Crazy Yiuf hits you with a +4 quarterstaff of chaos!
* * * LOW HITPOINT WARNING * * *
You puncture Crazy Yiuf!
You kill Crazy Yiuf!
Trog accepts your kill.
You die...

######## ##########
#......######## .........#
####.:............ ########.#
#.........####.###
#.#######.##..###.# #.# #
#######.............# #.# #.# #
#..........####)...####.####.###
#.########.# #@................
#.# #.# #...###...####.#.. #.#
#.# #...# #...# #..#.. ##.# #.#
#...###...# #.##.. ...# #.#
#.........# #.###. #### #(#
##..###..## #.# #. ###.#
#..###..# #.# #.
##.#.#####.......## #.# ##
#..............)..###.####


There were no monsters in sight!

Vanquished Creatures
  Crazy Yiuf (D:2)
  2 adders (D:2)
  A dart slug (D:2)
  5 bats
  8 endoplasms
  3 hobgoblins (D:1)
  A jackal (D:2)
  A quokka (D:1)
  4 ball pythons
  4 frilled lizards
  6 goblins
  3 kobolds (D:1)
  5 rats
44 creatures vanquished.

Notes
Turn   | Place    | Note
-------+----------+-------------------------------------------
     0 | D:1      | McIrco the Kobold Berserker began the quest for the Orb.
     0 | D:1      | Reached XP level 1. HP: 14/14 MP: 1/1
   162 | D:1      | Reached XP level 2. HP: 18/19 MP: 2/2
   449 | D:1      | Found a faded altar of an unknown god.
   725 | D:1      | Reached XP level 3. HP: 23/23 MP: 3/3
   764 | D:1      | Reached skill level 1 in Stealth
  1249 | D:2      | Reached ** piety under Trog
  1632 | D:2      | Found a runed translucent door.
  1635 | D:2      | Noticed Crazy Yiuf
  1740 | D:2      | Reached skill level 5 in Short Blades
  1740 | D:2      | Reached XP level 4. HP: 29/29 MP: 4/4
  2400 | D:2      | HP: 1/43 [Crazy Yiuf (12)]
  2401 | D:2      | Killed Crazy Yiuf
  2401 | D:2      | Succumbed to Crazy Yiuf's poison

Illustrated notes

Levels and vault maps discovered:
D:1:      saegor_arrival_simple_c, layout_basic,
          hellmonk_ecumenical_altar_lost_god
D:2:      layout_loops_ring, minmay_cut_off, uniq_crazy_yiuf_cottage

Skill      XL: |  1  2  3  4 |
---------------+-------------+-----
Stealth        | 1 2 |  2.5
Short Blades   | 5 |  5.1
Fighting       | |  3.8
Armour         | |  1.6
Dodging        | |  2.7

Action                   |  1- 3 |  4- 6 || total
-------------------------+-------+-------++-------
Melee: Short sword       |    63 |    28 ||    91
Invok: Berserk           |       |     1 ||     1
 Stab: Sleeping          |    16 |     5 ||    21
Armor: Animal skin       |     5 |     6 ||    11
Dodge: Dodged            |    28 |    20 ||    48

Table legend: (Time is in decaauts)
 A = Elapsed time spent in this place.
 B = Non-inter-level travel time spent in this place.
 C = Inter-level travel time spent in this place.
 D = Time resting spent in this place.
 E = Time spent auto-exploring this place.
 F = Levels seen in this place.
 G = Mean time per level.
                   A        B        C        D        E       F      G
               +--------+--------+--------+--------+--------+-----+--------+
         Total |   2386 |   2372 |     14 |    167 |   1853 |   2 | 1193.0 |
       Dungeon |   2386 |   2372 |     14 |    167 |   1853 |   2 | 1193.0 |
               +--------+--------+--------+--------+--------+-----+--------+

Top non-repeatable levels by time:
     D:1: 1394 daAuts
     D:2: 991 daAuts
